 Dungeon Crawl Stone Soup version 0.27-a0-1232-gc6a4cbde82 (webtiles) character file.

Game seed: 15491918666659456650

130499 freelancePsychic the Destroyer (level 16, -2/130 HPs)
             Began as a Demonspawn Warper on June 9, 2021.
             Was a High Priest of Vehumet.
             Slain by a hell hog (8 damage)
             ... on level 2 of the Abyss.
             The game lasted 01:17:32 (28295 turns).

freelancePsychic the Destroyer (Demonspawn Warper) Turns: 28295, Time: 01:17:33

Health: -2/130     AC: 20    Str: 11 (12) XL:     16   Next: 53%
Magic:  4/31       EV: 17    Int: 24 (25) God:    Vehumet [*****.]
Gold:   1582       SH:  0    Dex: 14      Spells: 7/37 levels left

rFire    . . .     SeeInvis .   v - +9 staff of Olgreb {rPois∞}
rCold    + . .     Faith    .   (no shield)
rNeg     + . .     Spirit   .   M - +2 ice dragon scales
rPois    ∞         Reflect  .   q - +1 helmet of Golden Surprise {rElec rN+ Will-}
rElec    +         Harm     .   D - +2 cloak {Will+}
rCorr    .         Rampage  .   f - +0 pair of gloves
Will     ++...     Rnd*Rage +   (boots unavailable)
Stlth    +.........             Q - amulet of regeneration
HPRegen  1.31/turn              w - +4 ring of evasion
MPRegen  0.22/turn              L - ring of Ynurchal {Fire Will+ Int+5 Dex+2}

@: slightly contaminated
A: talons 3, icemail 1, spiny 3, sturdy frame 2, condensation shield, [berserk
2], [clumsy 1], [deterioration 2]
a: Renounce Religion


You were on level 2 of the Abyss.
You worshipped Vehumet.
Vehumet was extremely pleased with you.
You visited 4 branches of the dungeon, and saw 20 of its levels.
You visited the Abyss 2 times.
You also visited: Sewer.

You collected 3041 gold pieces.
You spent 1459 gold pieces at shops.

Inventory:

Hand Weapons
 b - a +0 whip
 h - a +2 dagger of venom
 n - a +0 flail
 v - the +9 staff of Olgreb (weapon) {rPois∞}
   (You found it on level 8 of the Dungeon)

   It may poison the flesh of those it strikes, and is more effective with a
   high Evocations skill.
   It enhances your poison magic.
   It grants immunity to poison.
   It can be evoked to poison those around you for a time.
Missiles
 C - 10 boomerangs
 I - a throwing net
 J - 19 curare-tipped darts
Armour
 f - a +0 pair of gloves (worn)
 q - the +1 helmet of Golden Surprise (worn) {rElec rN+ Will-}
   (You found it on level 1 of the Lair of Beasts)

   It insulates you from electricity.
   It protects you from negative energy.
   It decreases your willpower.
 D - a +2 cloak of willpower (worn)
 M - +2 ice dragon scales (worn)
Jewellery
 a - an amulet of reflection
 p - a ring of wizardry
 w - a +4 ring of evasion (left hand)
 L - the ring of Ynurchal (right hand) {Fire Will+ Int+5 Dex+2}
   (You bought it in a shop on level 1 of the Dungeon)

   [ring of fire]

   It enhances your fire magic.
   It affects your intelligence (+5).
   It affects your dexterity (+2).
   It protects you from fire.
   It makes you vulnerable to cold.
   It increases your willpower.
 Q - an amulet of regeneration (around neck)
 X - a ring of protection from fire
Wands
 y - a wand of iceblast (31)
 A - a wand of paralysis (13)
 B - a wand of charming (16)
 H - a wand of acid (44)
 T - a wand of digging (8)
 U - a wand of polymorph (7)
 V - a wand of flame (25)
Scrolls
 c - 2 scrolls of blinking
 d - 2 scrolls of torment
 g - 9 scrolls of enchant weapon
 k - 8 scrolls of fear
 r - 6 scrolls of immolation
 x - a scroll of magic mapping
 F - 4 scrolls of amnesia
 P - 3 scrolls of identify {@r1}
 R - a scroll of enchant armour
 Y - a scroll of fog
 Z - a scroll of holy word
Potions
 e - 7 potions of brilliance
 j - 2 potions of resistance
 o - 3 potions of lignification
 t - 9 potions of curing {@q1}
 u - 5 potions of flight
 z - 4 potions of invisibility
 G - a potion of mutation
 N - a potion of magic
 O - 2 potions of attraction
 S - 2 potions of might
 W - a potion of ambrosia
Miscellaneous
 i - a condenser vane
 K - a phantom mirror


   Skills:
 + Level 13.0 Fighting
 - Level 0.8 Throwing
 - Level 7.3 Armour
 - Level 7.4 Dodging
 - Level 1.7 Unarmed Combat
 - Level 11.1 Spellcasting
 + Level 13.8 Conjurations
 - Level 3.1 Translocations
 - Level 3.3 Transmutations
 - Level 4.0 Fire Magic
 - Level 9.2 Ice Magic
 - Level 9.8 Air Magic
 - Level 8.1 Poison Magic


You had 7 spell levels left.
You knew the following spells:

 Your Spells              Type           Power      Damage    Failure   Level
a - Irradiate             Conj/Tmut      26%        3d22      2%          5
b - Conjure Ball Lightni  Conj/Air       31%        3x3d10    3%          6
c - Ignite Poison         Fire/Tmut/Pois 72%        N/A       1%          3
d - Olgreb's Toxic Radia  Pois           68%        N/A       1%          4
e - Mephitic Cloud        Conj/Pois/Air  77%        N/A       1%          3
f - Freezing Cloud        Conj/Ice/Air   30%        6-21      4%          6
g - Sting                 Tmut/Pois      100%       1d8       1%          1
h - Poisonous Vapours     Pois/Air       100%       N/A       1%          2

Your spell library contained the following spells:

 Spells                   Type           Power      Damage    Failure   Level
 Ozocubu's Refrigeration  Ice            27%        4d10      41%         7
 Conjure Flame            Conj/Fire      71%        6-21      1%          3
 Stone Arrow              Conj/Erth      92%        3d12      1%          3
 Beastly Appendage        Tmut           58%        N/A       2%          1
 Sandblast                Erth           26%        2d8       2%          1
 Spider Form              Tmut/Pois      28%        N/A       2%          3
 Wereblood                Tmut           29%        N/A       3%          2
 Blink                    Tloc           N/A        N/A       4%          2
 Passwall                 Tmut/Erth      17%        N/A       8%          2
 Ice Form                 Ice/Tmut       43%        N/A       8%          4
 Gell's Gravitas          Tloc           14%        N/A       9%          3
 Lesser Beckoning         Tloc           14%        N/A       9%          3
 Teleport Other           Tloc           28%        N/A       9%          3
 Animate Skeleton         Necr           26%        N/A       10%         1
 Pain                     Necr           52%        1d6       10%         1
 Vampiric Draining        Necr           6%         2d6       30%         3
 Petrify                  Tmut/Erth      21%        N/A       45%         4
 Lee's Rapid Deconstruct  Erth           6%         3d7*      54%         5
 Hydra Form               Tmut           14%        N/A       56%         5
 Manifold Assault         Tloc           28%        N/A       58%         5
 Animate Dead             Necr           6%         N/A       69%         4
 Agony                    Necr           13%        N/A       95%         5


Dungeon Overview and Level Annotations

Branches:
Dungeon (9/15)             Temple (0/1) D:7            Lair (6/6) D:9
  Swamp (0/4) Lair:2        Snake (0/4) Lair:4        Slime (0/5) Lair:6
    Orc (2/2) D:9             Elf (3/3) Orc:2         Sewer (visited)

Altars:
Gozag
Ru
Vehumet
The Shining One
Jiyva

Shops:
D:1 =   D:7 [   D:9 [   Orc:1 !   Orc:2 :*[(   Elf:2 [   Elf:3 *

Annotations:
D:8 1 runed translucent door
D:9 quinnr's ghost, journeyman DjAE
Lair:6 1 runed translucent door
Elf:1 Roxanne
Elf:2 3 runed translucent doors


Innate Abilities, Weirdness & Mutations

You have claws for feet.
A meltable icy envelope protects you from harm. (AC +0)
You are completely covered in sharp spines.
Your movements are less encumbered by armour. (ER -4)
A meltable shield of frost defends you. (SH +0)
[You often lose your temper in combat.]
[You are clumsy. (Dex -2)]
[Your body often deteriorates upon taking damage.]


Message History

The polar bear changes into a meliai!
A ynoxinul comes into view.
The small abomination hits you.
* * * LOW HITPOINT WARNING * * *
You block the meliai's attack. The meliai closely misses you.
The ynoxinul gestures.
Casting: Irradiate (mildly dangerous; 2% risk of failure)
Confirm with . or Enter, or press ? or * to list all spells.
You erupt in a fountain of uncontrolled magic!
The small abomination is blasted with magical radiation!!!
You destroy the small abomination!
Vehumet accepts your kill.
You feel your power returning.
The meliai is blasted with magical radiation!!!
You kill the meliai!
Vehumet accepts your kill.
You feel your power returning.
You are lightly contaminated with residual magic.
The ynoxinul gestures.
Casting: Irradiate (mildly dangerous; 2% risk of failure)
Confirm with . or Enter, or press ? or * to list all spells.
Aiming: Freezing Cloud (dangerous; 4% risk of failure)
Press: ? - help, Dir - move target, f - ufetubus
Aim: an ufetubus (summoned) That beam is likely to hit you.
Continue anyway?
You are engulfed in freezing vapours.
You resist.
The hell hog is engulfed in freezing vapours.
The hell hog breathes fire at you.
The fireball explodes!
The fireball engulfs you!!
Your icy defenses dissipate!
* * * LOW HITPOINT WARNING * * *
Your body deteriorates!
You feel dopey.
You hear a sizzling sound! x2
The fireball engulfs the hell hog!
The hell hog resists.
You hear a sizzling sound!
The ufetubus is engulfed in freezing vapours.
The ynoxinul gestures.
The ufetubus is engulfed in freezing vapours.
The hell hog bites you!
You die...

##### #.#.#
###§55##
.#.#55§5h@####
.....355##.# . #
...###3.#...# #
.#
#.5..##.###..###
# ....#......#.
.#. #..
.##..#.###.#. .
#..# ....##
#.#..## ...#
.##.#.#..#.#
#...
#..#...##..#..#


You could see a hell hog (catching breath), 2 ynoxinuls and 8 ufetubi.

Vanquished Creatures
  Nikola (Elf:2)
  A deep elf blademaster (Elf:3)
  2 deep elf master archers (Elf:3)
  An Executioner (Abyss:2)
  2 tentacled starspawn (Abyss:2)
  5 deep elf sorcerers
  3 deep elf elementalists (Elf:3)
  5 deep elf demonologists (Elf:3)
  A deep elf annihilator (Elf:3)
  A dire elephant (Lair:6)
  A deep elf death mage (Elf:3)
  2 boulder beetles
  An anaconda (Lair:6)
  10 hydras
  3 catoblepae
  8 dancing weapons
  3 death yaks (Lair:6)
  6 thrashing horrors (Abyss:2)
  9 deep elf knights
  4 orc high priests (Orc:2)
  A fire crab (Lair:3)
  3 wretched stars (Abyss:2)
  A soul eater (Abyss:2)
  A wizard (Elf:1)
  3 lindwurms (Lair:6)
  11 deep elf archers
  27 deep elf pyromancers
  22 deep elf zephyrmancers
  An orc sorcerer (Orc:2)
  A cyclops (Orc:2)
  A worldbinder (Abyss:2)
  7 torpor snails (Lair:6)
  2 rust devils (Abyss:2)
  5 elephants
  2 smoke demons (Abyss:2)
  A gargoyle (D:5)
  7 black mambas
  18 cane toads
  A hellion (Abyss:2)
  4 rime drakes
  12 komodo dragons
  3 kobold demonologists
  A tormentor (Abyss:2)
  An ancient zyme (Abyss:2)
  6 tyrant leeches
  A meliai (shapeshifter) (Abyss:2)
  6 polar bears
  6 hornets (Lair:6)
  2 raiju (Abyss:2)
  3 blink frogs (Lair:3)
  12 dream sheep
  5 small abominations (Abyss:2)
  A flying skull (Abyss:2)
  2 ynoxinuls (Abyss:2)
  A redback (D:8)
  3 air elementals
  2 wyverns
  A fire elemental (Elf:3)
  A wraith (Abyss:2)
  3 basilisks
  22 yaks
  A chaos spawn (Abyss:2)
  A neqoxec (Abyss:2)
  2 nagas (Lair:4)
  3 large abominations (Abyss:2)
  15 water moccasins
  12 orc warriors
  A sky beast (D:6)
  2 black bears
  A hornet zombie (D:8)
  A necrophage (D:5)
  2 ice beasts (D:7)
  5 ogres
  11 wolves
  9 centaurs
  8 kobold brigands
  A phantom (D:7)
  16 bullfrogs
  11 scorpions
  A wyvern zombie (D:9)
  13 killer bees (D:8)
  2 howler monkeys
  A quasit (Abyss:2)
  A centaur zombie (D:8)
  A hound (D:5)
  24 orc priests
  2 gnoll shamans
  An iron imp (Abyss:2)
  A bullfrog skeleton (D:5)
  2 centaur skeletons
  2 iguanas
  22 orc wizards
  6 hell rats (Lair:4)
  A killer bee zombie (D:7)
  A hound skeleton (D:4)
  2 howler monkey zombies (D:8)
  13 gnolls
  10 adders
  8 river rats (Sewer)
  A shadow imp (D:5)
  3 white imps
  3 dart slugs
  39 orcs
  9 bats
  7 endoplasms
  3 giant cockroaches
  6 goblins
  10 hobgoblins
  5 jackals
  3 quokkas
  11 ball pythons
  3 frilled lizards
  24 kobolds
  18 rats
  2 starspawn tentacles (Abyss:2)
645 creatures vanquished.

Vanquished Creatures (collateral kills)
  A deep elf annihilator (Elf:3)
  3 ball lightnings
4 creatures vanquished.

Vanquished Creatures (others)
  A boggart (Elf:1)
  A kobold brigand (D:9)
  50 ball lightnings
  35 fungi
  89 plants
  12 starspawn tentacles (Abyss:2)
188 creatures vanquished.

Grand Total: 837 creatures vanquished

Notes
Turn   | Place    | Note
-------+----------+-------------------------------------------
     0 | D:1      | freelancePsychic the Demonspawn Warper began the quest for
                  | the Orb.
     0 | D:1      | Reached XP level 1. HP: 16/16 MP: 3/3
   207 | D:1      | Gained mutation: You have sharp toenails. [demonic
                  | ancestry]
   207 | D:1      | Reached XP level 2. HP: 14/23 MP: 5/5
   500 | D:1      | Found Gih Wor's Jewellery Shoppe.
   995 | D:1      | Gained mutation: A meltable shield of frost defends you.
                  | (SH +0) [demonic ancestry]
   995 | D:1      | Reached XP level 3. HP: 22/29 MP: 6/6
  2257 | D:2      | Reached XP level 4. HP: 26/37 MP: 7/7
  3476 | D:4      | Reached skill level 1 in Poison Magic
  3628 | D:4      | Learned a level 1 spell: Sting
  3696 | D:4      | Gained mutation: You are partially covered in sharp spines.
                  | [demonic ancestry]
  3696 | D:4      | Reached XP level 5. HP: 28/42 MP: 8/8
  3721 | D:4      | HP: 2/42 [orc priest/nerve-wracking pain (11)]
  3851 | D:4      | Found a glowing drain.
  3863 | Sewer    | Entered a sewer
  4064 | Sewer    | Learned a level 2 spell: Poisonous Vapours
  4195 | Sewer    | Gained mutation: You are mostly covered in sharp spines.
                  | [demonic ancestry]
  4195 | Sewer    | Reached XP level 6. HP: 39/48 MP: 9/9
  4276 | Sewer    | Reached skill level 1 in Transmutations
  4276 | Sewer    | Reached skill level 1 in Fire Magic
  5227 | D:5      | Entered Level 5 of the Dungeon
  5267 | D:5      | Gained mutation: You have razor-sharp toenails. [demonic
                  | ancestry]
  5267 | D:5      | Reached XP level 7. HP: 28/54 MP: 5/10
  5553 | D:5      | Learned a level 3 spell: Ignite Poison
  5689 | D:5      | Reached skill level 5 in Poison Magic
  6477 | D:5      | Noticed a gargoyle
  6561 | D:5      | Reached XP level 8. HP: 58/60 MP: 11/11
  6708 | D:6      | Identified the +0 leather armour of the Wilderness {Str+5}
  6767 | D:6      | Reached skill level 1 in Air Magic
  7027 | D:6      | Learned a level 3 spell: Mephitic Cloud
  7944 | D:6      | Found a radiant altar of Vehumet.
  7945 | D:6      | Found an opulent altar of Gozag.
  8169 | D:7      | Reached skill level 1 in Conjurations
  8419 | D:6      | Became a worshipper of Vehumet
  8563 | D:7      | Gained mutation: Your movements are slightly less
                  | encumbered by armour. (ER -2) [demonic ancestry]
  8563 | D:7      | Reached XP level 9. HP: 25/65 MP: 1/13
  9484 | D:7      | Learned a level 4 spell: Olgreb's Toxic Radiance
  9637 | D:7      | Found a staircase to the Ecumenical Temple.
  9691 | D:7      | Found Ojib's Armour Emporium.
 10042 | D:8      | Reached skill level 5 in Spellcasting
 10575 | D:8      | Found the +9 staff of Olgreb {rPois∞}
 10576 | D:8      | Found a runed translucent door.
 10635 | D:8      | Found a runed translucent door.
 10644 | D:8      | Found a runed translucent gate.
 10650 | D:8      | Found a runed translucent gate.
 10656 | D:8      | Found a runed translucent gate.
 10679 | D:8      | Reached * piety under Vehumet
 10679 | D:8      | Offered knowledge of Shock by Vehumet.
 10688 | D:8      | Reached XP level 10. HP: 58/72 MP: 3/21
 10812 | D:8      | Reached skill level 1 in Armour
 11315 | D:9      | Found Fezuil's Armour Shop.
 11315 | D:9      | Found a staircase to the Orcish Mines.
 11502 | D:9      | Found a staircase to the Lair.
 11946 | D:9      | Found a sacrificial altar of Ru.
 12056 | D:9      | Reached skill level 5 in Fighting
 12158 | D:9      | Found a runed translucent gate.
 12158 | D:9      | Found a runed translucent gate.
 12158 | D:9      | Found a runed translucent gate.
 12161 | D:9      | Noticed quinnr's ghost (journeyman DjAE)
 12186 | D:9      | Offered knowledge of Foxfire by Vehumet.
 12186 | D:9      | Reached ** piety under Vehumet
 12464 | Orc:1    | Entered Level 1 of the Orcish Mines
 12505 | Orc:1    | Found Puth's Distillery.
 12540 | Orc:1    | Noticed a boulder beetle
 12556 | Orc:1    | Killed a boulder beetle
 12959 | Orc:2    | Entered Level 2 of the Orcish Mines
 13079 | Orc:2    | Noticed an orc high priest
 13085 | Orc:2    | Noticed a rust devil
 13085 | Orc:2    | Noticed an orange demon
 13085 | Orc:2    | Killed an orc high priest
 13086 | Orc:2    | Reached skill level 5 in Dodging
 13086 | Orc:2    | Gained mutation: You are completely covered in sharp
                  | spines. [demonic ancestry]
 13086 | Orc:2    | Reached XP level 11. HP: 83/83 MP: 4/22
 13187 | Orc:2    | Noticed an orc sorcerer
 13190 | Orc:2    | Killed an orc sorcerer
 13190 | Orc:2    | Offered knowledge of Inner Flame by Vehumet.
 13260 | Orc:2    | Reached skill level 5 in Armour
 13275 | Orc:2    | Noticed an orc high priest
 13359 | Orc:2    | Killed an orc high priest
 13672 | Orc:2    | Reached *** piety under Vehumet
 13703 | Orc:2    | Found Kycac's Antique Armour Boutique.
 13703 | Orc:2    | Found Baiteani's Weapon Boutique.
 13708 | Orc:2    | Found Exeup's General Store.
 13710 | Orc:2    | Found Hogh's Book Shop.
 13774 | Orc:2    | Noticed an orc high priest
 13878 | Orc:2    | Killed an orc high priest
 14046 | Orc:2    | Offered knowledge of Stone Arrow by Vehumet.
 14055 | Orc:2    | Noticed an orc high priest
 14058 | Orc:2    | Noticed a sun demon
 14064 | Orc:2    | Killed an orc high priest
 14324 | Orc:2    | Noticed a deep elf pyromancer
 14325 | Orc:2    | Noticed a deep elf pyromancer
 14327 | Orc:2    | Noticed a deep elf pyromancer
 14328 | Orc:2    | Noticed a deep elf zephyrmancer
 14329 | Orc:2    | Killed a deep elf pyromancer
 14329 | Orc:2    | Killed a deep elf pyromancer
 14332 | Orc:2    | Killed a deep elf pyromancer
 14332 | Orc:2    | Noticed a deep elf pyromancer
 14333 | Orc:2    | Noticed a deep elf zephyrmancer
 14333 | Orc:2    | Noticed a deep elf pyromancer
 14334 | Orc:2    | Noticed a deep elf pyromancer
 14336 | Orc:2    | Killed a deep elf zephyrmancer
 14336 | Orc:2    | Killed a deep elf pyromancer
 14336 | Orc:2    | Noticed a deep elf pyromancer
 14337 | Orc:2    | Killed a deep elf pyromancer
 14337 | Orc:2    | Killed a deep elf pyromancer
 14337 | Orc:2    | Killed a deep elf zephyrmancer
 14341 | Orc:2    | Killed a deep elf pyromancer
 14414 | Orc:2    | Gained mutation: Your movements are less encumbered by
                  | armour. (ER -4) [demonic ancestry]
 14414 | Orc:2    | Reached XP level 12. HP: 95/95 MP: 9/23
 14718 | Orc:2    | Found a staircase to the Elven Halls.
 15129 | D:1      | Bought the ring of Ynurchal {Fire Will+ Int+5 Dex+2} for
                  | 523 gold pieces
 15299 | D:7      | Bought +2 ice dragon scales for 936 gold pieces
 15372 | Lair:1   | Entered Level 1 of the Lair of Beasts
 15444 | Lair:1   | Reached skill level 1 in Ice Magic
 15624 | Lair:1   | Reached **** piety under Vehumet
 15728 | Lair:1   | Identified the +1 helmet of Golden Surprise {rElec rN+
                  | Will-}
 15802 | Lair:1   | Learned a level 6 spell: Freezing Cloud
 15931 | Lair:1   | Noticed a seven-headed hydra
 15938 | Lair:1   | Killed a seven-headed hydra
 16341 | Lair:2   | Offered knowledge of Irradiate by Vehumet.
 16348 | Lair:2   | Learned a level 5 spell: Irradiate
 16847 | Lair:2   | Found a staircase to the Swamp.
 16854 | Lair:2   | Reached skill level 5 in Air Magic
 17224 | Lair:3   | Noticed a seven-headed hydra
 17229 | Lair:3   | Killed a seven-headed hydra
 17230 | Lair:3   | Reached skill level 5 in Conjurations
 17914 | Lair:3   | Reached skill level 5 in Ice Magic
 18177 | Lair:4   | Noticed a five-headed hydra
 18279 | Lair:4   | Reached XP level 13. HP: 101/101 MP: 18/24
 18763 | Lair:4   | Found a staircase to the Snake Pit.
 19065 | Lair:4   | Reached ***** piety under Vehumet
 19065 | Lair:4   | Offered knowledge of Fireball by Vehumet.
 20327 | Lair:6   | Entered Level 6 of the Lair of Beasts
 20871 | Lair:6   | Found a staircase to the Slime Pits.
 20871 | Lair:6   | Found a viscous altar of Jiyva.
 20890 | Lair:6   | Gained mutation: You have claws for feet. [demonic
                  | ancestry]
 20890 | Lair:6   | Reached XP level 14. HP: 108/108 MP: 13/25
 21235 | Lair:6   | Found a runed translucent door.
 21716 | Lair:6   | Reached skill level 10 in Conjurations
 21801 | Lair:6   | Offered knowledge of Iron Shot by Vehumet.
 22481 | Elf:1    | Entered Level 1 of the Elven Halls
 22753 | Elf:1    | Noticed a deep elf sorcerer
 22763 | Elf:1    | Killed a deep elf sorcerer
 22992 | Elf:1    | Noticed Roxanne
 23257 | Elf:1    | Reached skill level 10 in Fighting
 23451 | Elf:1    | Reached XP level 15. HP: 115/115 MP: 25/27
 23946 | Elf:2    | Found Itroex's Antique Armour Emporium.
 23946 | Elf:2    | Noticed Nikola
 23996 | Elf:2    | Killed Nikola
 24730 | Elf:2    | Found a runed translucent gate.
 24730 | Elf:2    | Found a runed translucent gate.
 24730 | Elf:2    | Found a runed translucent gate.
 24943 | Elf:2    | Noticed a deep elf sorcerer
 24946 | Elf:2    | Killed a deep elf sorcerer
 25405 | Elf:3    | Entered Level 3 of the Elven Halls
 25442 | Elf:3    | Reached skill level 10 in Spellcasting
 25826 | Elf:3    | Offered knowledge of Conjure Ball Lightning by Vehumet.
 25838 | Elf:3    | Learned a level 6 spell: Conjure Ball Lightning
 25892 | Elf:3    | Found Kaoxt's Assorted Antiques.
 26293 | Elf:3    | Noticed a deep elf sorcerer
 26293 | Elf:3    | Noticed a deep elf master archer
 26296 | Elf:3    | Killed a deep elf sorcerer
 26298 | Elf:3    | Killed a deep elf master archer
 26298 | Elf:3    | Noticed a deep elf sorcerer
 26315 | Elf:3    | Killed a deep elf sorcerer
 26640 | Elf:3    | Identified the +1 buckler "Laretzum" {+Blink rF+ Stlth+}
 26646 | Elf:3    | Noticed a deep elf blademaster
 26661 | Elf:3    | Killed a deep elf blademaster
 26662 | Elf:3    | Gained mutation: A meltable icy envelope protects you from
                  | harm. (AC +0) [demonic ancestry]
 26662 | Elf:3    | Reached XP level 16. HP: 86/127 MP: 6/30
 26715 | Elf:3    | Noticed a deep elf master archer
 26722 | Elf:3    | Killed a deep elf master archer
 27069 | Elf:3    | Cast into level 2 of the Abyss (a deep elf sorcerer)
 27252 | Abyss:2  | Noticed a tentacled starspawn
 27274 | Abyss:2  | Killed a tentacled starspawn
 27343 | Abyss:2  | Noticed a tentacled starspawn
 27360 | Abyss:2  | Killed a tentacled starspawn
 27427 | Abyss:2  | Noticed an Executioner
 27430 | Abyss:2  | Killed an Executioner
 27626 | Abyss:2  | Noticed a tentacled starspawn
 27731 | Elf:3    | Escaped the Abyss
 27977 | Elf:3    | Identified the +6 short sword of Honour {drain, Str+6}
 27977 | Elf:3    | Identified the amulet of Sabyosah {Spirit rElec Will++
                  | Dex-4 Stlth+}
 27979 | Elf:3    | Cast into level 2 of the Abyss (a deep elf demonologist)
 28270 | Abyss:2  | HP: 6/130 [wretched star/lance of force (12)]
 28271 | Abyss:2  | Offered knowledge of Ozocubu's Refrigeration by Vehumet.
 28295 | Abyss:2  | HP: 6/130 [hell hog/fireball (35)]
 28295 | Abyss:2  | Slain by a hell hog

Illustrated notes

Levels and vault maps discovered:
D:1:      co_arrival_hexagon_in_a_hexagon, layout_basic, serial_shops,
          shop_coins
D:2:      layout_basic, uniq_crazy_yiuf_cottage
D:3:      layout_rooms, serial_aquarium, aquarium_bridge_island_small
          [aquarium_subvault_small_open, aquarium_subvault_balcony,
          aquarium_subvault_bridge, aquarium_subvault_wall,
          aquarium_subvault_wall], aquarium_bridge_long_joined
          [aquarium_subvault_window, aquarium_subvault_wall,
          aquarium_subvault_wall, aquarium_subvault_window,
          aquarium_subvault_bridge, aquarium_subvault_balcony],
          aquarium_window_2, aquarium_window_2, aquarium_window_2,
          aquarium_view_2f, aquarium_view_2f, aquarium_balcony_3a,
          aquarium_pool_corner
D:4:      layout_rooms, gup_sewer_entry_bowl, lemuel_old_faithful
D:5:      layout_basic
D:6:      layout_basic, lemuel_round_altar, nicolae_overflow_hidden_temple,
          dk_noncrumbling_2
D:7:      layout_cave_pools, temple_doors_cd, serial_shops,
          kennysheep_little_box
D:8:      layout_basic, minmay_guarded_unrand_staff_of_olgreb
D:9:      layout_gridville, lemuel_round_altar, lair_entry_dummy, orc_david_3,
          gammafunk_ghost_nasty_kobolds, minmay_misc_feat_more_columns,
          kennysheep_generic_room_9
Lair:1:   layout_gridlike
Lair:2:   layout_roguey, minmay_swamp_entry_worms
Lair:3:   layout_regular_city
Lair:4:   layout_loops_ring, guppyfry_snake_entry_garden,
          cheibrodos_lair_reptile_den, lemuel_fruit_fields
Lair:5:   layout_small_grid
Lair:6:   wormcave, layout_regular_city, hangedman_lair_in_review,
          slime_altar_1, wad_woods_road_05
Orc:1:    layout_diamond_mine, serial_shops, shop, rock_pile
Orc:2:    st_orc_mages, layout_caves, elves_outpost_lemuel
Elf:1:    eino_elf_arrival_shootout, layout_onion_city, hangedman_elf_disciples,
          uniq_roxanne
Elf:2:    layout_geoelf_grid, serial_shops, shop, lemuel_upstairs_altar,
          uniq_saint_roka, uniq_jorgrun, uniq_nikola
Elf:3:    grunt_elf_hall_asides, layout_rooms, serial_shops, nicolae_shop_stone
Abyss:2:  base: D:14, hangedman_abyss_or_decor_clamps,
          guppyfry_abyss_exit_glass_guarded, eino_small_chamber_without_monster,
          base: Temple, abyss_furniture_001, small_statue_intersection

Skill      XL: |  1  2  3  4  5  6  7  8  9 10 11 12 13 14 15 16 |
---------------+-------------------------------------------------+-----
Fighting       | 3 4 6 9 10 11 13 | 13.0
Translocations | 3 |  3.1
Poison Magic   | 2 4 5 7 8 |  8.1
Transmutations | 2 3 |  3.3
Fire Magic     | 1 3 4 |  4.0
Air Magic      | 3 6 8 9 |  9.8
Conjurations   | 2 6 9 11 12 13 | 13.8
Spellcasting   | 3 7 8 10 11 | 11.1
Armour         | 4 7 |  7.3
Dodging        | 5 7 |  7.4
Ice Magic      | 5 7 9 |  9.2
Throwing       | |  0.8
Unarmed Combat | |  1.7

Action                   |  1- 3 |  4- 6 |  7- 9 | 10-12 | 13-15 | 16-18 || total
-------------------------+-------+-------+-------+-------+-------+-------++-------
Melee: Unarmed           |    37 |       |       |       |       |       ||    37
       Whip              |   152 |    69 |       |       |       |       ||   221
       Flail             |       |    33 |       |       |       |       ||    33
       Dagger            |       |   121 |   163 |    20 |       |       ||   304
       Punch             |       |       |     1 |       |     3 |       ||     4
       Staff             |       |       |       |   152 |   202 |    98 ||   452
       Kick              |       |       |       |       |    16 |    29 ||    45
Throw: Boomerang         |     5 |       |       |       |       |       ||     5
 Cast: Sting             |       |    20 |       |       |       |       ||    20
       Poisonous Vapours |       |     3 |    45 |    16 |    16 |       ||    80
       Ignite Poison     |       |       |    23 |    65 |    74 |     7 ||   169
       Mephitic Cloud    |       |       |     5 |    10 |    19 |     2 ||    36
       Olgreb's Toxic Ra |       |       |     3 |    65 |    69 |    13 ||   150
       Irradiate         |       |       |       |     4 |    35 |    11 ||    50
       Freezing Cloud    |       |       |       |       |    26 |    28 ||    54
       Conjure Ball Ligh |       |       |       |       |     9 |    11 ||    20
  Use: Scroll            |     3 |     5 |     6 |     8 |    10 |     1 ||    33
       Potion            |       |     2 |     1 |       |     1 |    11 ||    15
 Stab: Sleeping          |     1 |     1 |     1 |       |       |       ||     3
       Invisible         |       |       |     2 |       |       |       ||     2
       Petrified         |       |       |       |       |     4 |       ||     4
Armor: Leather armour    |    88 |    71 |    58 |    30 |       |       ||   247
       Ice dragon scales |       |       |       |    57 |   138 |    96 ||   291
Dodge: Dodged            |   127 |   132 |   147 |   162 |   250 |   163 ||   981
Block: Other             |    26 |    52 |    39 |    44 |    66 |    38 ||   265
       Reflection        |       |       |       |       |     3 |       ||     3

Table legend: (Time is in decaauts)
 A = Elapsed time spent in this place.
 B = Non-inter-level travel time spent in this place.
 C = Inter-level travel time spent in this place.
 D = Time resting spent in this place.
 E = Time spent auto-exploring this place.
 F = Levels seen in this place.
 G = Mean time per level.
                   A        B        C        D        E       F      G
               +--------+--------+--------+--------+--------+-----+--------+
         Total |  28481 |  26964 |   1517 |   2514 |  20025 |  23 | 1238.3 |
       Dungeon |  12133 |  11108 |   1025 |   1035 |   8182 |   9 | 1348.1 |
          Lair |   7116 |   6773 |    343 |     40 |   5865 |   6 | 1186.0 |
  Orcish Mines |   2441 |   2359 |     82 |    241 |   1737 |   2 | 1220.5 |
   Elven Halls |   4875 |   4809 |     66 |   1049 |   3136 |   3 | 1625.0 |
         Abyss |    958 |    958 |      0 |    149 |    384 |   2 |  479.0 |
         Sewer |    956 |    956 |      0 |      0 |    721 |   1 |  956.0 |
               +--------+--------+--------+--------+--------+-----+--------+

Top non-repeatable levels by time:
     D:6: 2279 daAuts
  Lair:6: 2004 daAuts
   Elf:3: 1919 daAuts
   Orc:2: 1693 daAuts
     D:1: 1559 daAuts
   Elf:1: 1528 daAuts
     D:8: 1494 daAuts
   Elf:2: 1427 daAuts
     D:5: 1403 daAuts
     D:9: 1312 daAuts
     D:2: 1284 daAuts
  Lair:5: 1148 daAuts
     D:7: 1106 daAuts
  Lair:3: 1096 daAuts
  Lair:4: 1039 daAuts
